Cogmind - Beta 15 @@@ ROGUE MODE // 2025.09.12 @ 02:15:51 Player: SunnyVampire Result: Destroyed by G-47 Trooper with Particle Gun Performance ------------- Evolutions (3) 1500 Regions Visited (6) 1200 Robots Destroyed (134) 670 Value Destroyed (3413) 3413 Prototype IDs (27) 540 Alien Tech Used (0) 0 Bonus (772) 772 TOTAL SCORE: 8095 Bonus ------- High Alert Combat Kills 397 Follower Combat Kills 75 Aligned with FarCom 300 Cogmind --------- Core Integrity 0/700 Matter 294/300 Energy 100/100 System Corruption 1% Temperature Cool (9) Movement Core (350) Ox6 Location -7/Factory Parts ------- > --- POWER (1) -------- (None) > --- PROPULSION (4) --- (None) > --- UTILITY (5) ------ Large Storage Unit Advanced Terrain Scan Processor Hacking Suite > --- WEAPON (3) ------- (None) > --- INVENTORY (15) --- Advanced Visual Processing Unit Targeting Computer Improved Melee Analysis Suite Target Analyzer Improved Field Recycling Unit (0) Arc Projector Particle Gun Flak Cannon Advanced Assault Cannon Improved Datajack Peak State ------------ > --- POWER ------------ Improved Deuterium Engine > --- PROPULSION ------- Flying Fortress v7 > --- UTILITY ---------- Large Storage Unit Experimental Sensor Array Advanced Terrain Scan Processor Core Analyzer Hacking Suite > --- WEAPON ----------- Heavy Particle Cannon Proton Missile Launcher Missile Launcher > --- INVENTORY -------- Light Treads Light Treads Armored Treads Advanced Weight Redist. System Advanced Visual Processing Unit Targeting Computer Improved Melee Analysis Suite Improved Field Recycling Unit Particle Gun Flak Cannon Advanced Assault Cannon Proton Missile Launcher Rocket Launcher Improved Datajack [Rating: 70] Favorites ----------- Power Ion Engine Engine Ion Engine Power Core Light Nuclear Core Propulsion Light Treads Treads Light Treads Flight Unit Flying Fortress v7 Utility Hacking Suite Device Experimental Sensor Array Storage Small Storage Unit Processor Advanced Terrain Scan Processor Hackware Hacking Suite Protection Core Shielding Weapon Grenade Launcher Energy Gun EM Pulse Gun Energy Cannon Heavy Particle Cannon Ballistic Gun Assault Rifle Ballistic Cannon Light Cannon Launcher Grenade Launcher Impact Weapon Heavy Flail Special Melee Weapon Improved Datajack Build | -11 -10 -10 -10 -9 -8 -7 ------- Run | Yrd Mat Min Exi Min Mat Fac Slots Evolved 6 | . . . . . 4 2 Power . | . . . . . . . Propulsion 2 | . . . . . 2 . Utility 3 | . . . . . 2 1 Weapon 1 | . . . . . . 1 Parts Attached 43 | 6 9 2 . 3 13 10 Power 6 | 1 2 . . . 1 2 Engine 5 | 1 2 . . . . 2 Core 1 | . . . . . 1 . Reactor . | . . . . . . . Propulsion 7 | 2 1 . . 2 1 1 Treads 6 | 2 1 . . 2 . 1 Leg . | . . . . . . . Wheel . | . . . . . . . Hover . | . . . . . . . Flight 1 | . . . . . 1 . Utility 14 | 1 3 . . . 6 4 Device 4 | . . . . . 2 2 Storage 3 | 1 1 . . . 1 . Processor 4 | . . . . . 3 1 Hackware 1 | . 1 . . . . . Protection 2 | . 1 . . . . 1 Artifact . | . . . . . . . Weapon 16 | 2 3 2 . 1 5 3 Energy Gun 3 | 2 . . . . 1 . Energy Cannon 1 | . . . . . 1 . Ballistic Gun 1 | . 1 . . . . . Ballistic Cannon 2 | . 1 . . . 1 . Launcher 7 | . 1 2 . 1 . 3 Special Weapon . | . . . . . . . Impact Weapon 1 | . . . . . 1 . Slashing Weapon . | . . . . . . . Piercing Weapon . | . . . . . . . Special Melee Weapon 1 | . . . . . 1 . Unidentified Prototypes . | . . . . . . . Parts Lost 19 | . 1 . . . 6 12 Power 2 | . . . . . 1 1 Propulsion 4 | . . . . . . 4 Utility 5 | . . . . . 3 2 Weapon 8 | . 1 . . . 2 5 Highest Loss Streak 8 | . 1 . . . 2 8 To Critical Strikes . | . . . . . . . Average Backups 8 | 1 7 7 8 5 9 11 Power . | . . 1 1 . . . Propulsion 1 | 1 1 . . 1 2 1 Utility 4 | . 3 5 5 3 3 4 Weapon 2 | . 1 1 2 . 3 5 Tool/Special . | . . . . . . . Unused Backups 24 | . 5 1 . 3 4 11 Power . | . . . . . . . Propulsion 4 | . 2 . . . 2 . Utility 12 | . 1 1 . 3 2 5 Weapon 8 | . 2 . . . . 6 Tool/Special . | . . . . . . . Average Slot Usage (%) 91 | . 99 99 100 100 65 76 Engine 11 | . 14 14 14 14 4 5 Treads 21 | . 28 28 28 28 . 9 Flight 1 | . . . . . 8 3 Device 1 | . . . . . 6 6 Storage 12 | . 14 14 14 14 9 7 Processor 3 | . . . . . 8 14 Hackware 10 | . 6 14 14 14 9 7 Protection 2 | . 6 . . . . . Energy Cannon 1 | . . . . . 2 6 Ballistic Gun 3 | . 9 . . 5 . . Ballistic Cannon 7 | . 10 14 14 . 1 . Launcher 11 | . 5 13 14 21 8 13 Peak Build Rating 70 | 6 9 10 13 14 54 70 Average Rating 21 | 5 8 9 10 13 47 51 On Entrance 14 | . 6 9 10 13 14 50 Naked Turns . | . . . . . . . Heaviest Build 91 | 11 91 16 91 15 36 51 Greatest Support 60 | 40 40 40 40 40 50 60 Greatest Overweight (x) 15 | . 2 . 2 . . 15 Average Overweight (x) . | . . . . . . . Largest Inventory Capacity 25 | 8 25 8 25 25 15 15 Average Capacity 10 | 7 8 8 13 8 14 15 Most Carried 15 | 3 9 8 12 11 15 15 Average Carried 8 | 1 7 7 9 8 9 12 Final Capacity 25 | 8 8 8 25 8 15 15 Final Carried 15 | 3 8 8 12 8 15 10 Class Distribution -------------------- 78% | Mutant 7% | Scavenger-Skirmisher 7% | Scout 6% | Skirmisher Dominant Class ---------------- Mutant | -10/Materials Mutant | -10/Mines Mutant | -10/Exiles Mutant | -9/Mines Scout | -8/Materials Scavenger-Skirmisher | -7/Factory Resources | -11 -10 -10 -10 -9 -8 -7 ----------- Run | Yrd Mat Min Exi Min Mat Fac Matter Collected 2710 | 260 710 220 . 208 459 853 Remotely . | . . . . . . . Salvage Created 3148 | . 588 218 . 80 590 1672 Parts 237 | . 38 37 . 13 46 103 Haulers Intercepted 4 | . 1 . . . 1 2 Recyclers Shooed 1 | . 1 . . . . . Parts Field Recycled . | . . . . . . . Retrieved Matter . | . . . . . . . Parts Self-Destructed . | . . . . . . . Prevented . | . . . . . . . Kills | -11 -10 -10 -10 -9 -8 -7 ------- Run | Yrd Mat Min Exi Min Mat Fac Combat Hostiles Destroyed 87 | . 15 20 . 8 18 26 Melee 1 | . . . . . 1 . Guns 3 | . 3 . . . . . Cannons 20 | . 9 3 . . 1 7 AOE 59 | . 3 17 . 8 15 16 Classes Destroyed 13 | . 6 1 . 1 3 2 Worker 11 | . . 1 . . 4 6 Builder 16 | . . . . . 7 9 Tunneler 1 | . . . . . . 1 Hauler 4 | . 1 . . . 1 2 Recycler 4 | . 2 . . . . 2 Operator 3 | . 3 . . . . . Watcher 7 | . 3 . . . 1 3 Swarmer 34 | . 5 18 . 7 2 2 Grunt 41 | . 10 2 . 1 10 18 Sentry 4 | . . . . 1 2 1 Hunter 6 | . . . . . 3 3 Programmer 2 | . . . . . . 2 Heavy 1 | . . . . . 1 . Best Kill Streak 10 | . 3 9 . 4 10 7 Combat Bots Only 9 | . 3 9 . 4 7 4 Max Kills in Single Turn 5 | . 1 3 . 3 3 5 Gunslinging . | . . . . . . . Exploded 3 | . 1 3 . 3 2 2 Melee 1 | . . . . . 1 . Uniques/NPCs Destroyed . | . . . . . . . Combat | -11 -10 -10 -10 -9 -8 -7 -------- Run | Yrd Mat Min Exi Min Mat Fac Hostile Shots Fired 334 | . 61 23 . 12 78 160 Missed 98 | . 13 9 . 4 32 40 Hits 236 | . 48 14 . 8 46 120 Projectile 236 | . 48 14 . 8 46 120 Critical Strikes 5 | . . . . . 2 3 Part Disruptions 1 | . . . . . . 1 Damage Taken 4052 | . 529 163 . 114 1056 2190 Core 1012 | . 101 15 . 16 179 701 Absorbed by Shields . | . . . . . . . Redirected to Shielding 14 | . 14 . . . . . Regen/Repaired (Parts) 279 | . 73 . . . . 206 Core Remaining (%) 71 | 100 . . . 47 67 . Volleys Fired 210 | . 79 17 . 9 55 50 Largest 3 | . 2 2 . 2 2 3 Hottest 153 | . 70 60 . 63 108 153 Shots Fired 336 | . 112 29 . 18 59 118 Gun 69 | . 54 . . 6 9 . Cannon 129 | . 49 17 . . 15 48 Launcher 138 | . 9 12 . 12 35 70 Special . | . . . . . . . Kinetic 101 | . 76 17 . 6 2 . Thermal 61 | . . . . . 13 48 Explosive 108 | . 9 12 . 12 35 40 Electromagnetic 66 | . 27 . . . 9 30 Robot Hit Streak 10 | . 10 4 . 4 10 8 Robot Miss Streak 9 | . 5 2 . 1 9 2 Penetration Max . | . . . . . . . Secondary Targets . | . . . . . . . Shots Hit Robots 167 | . 55 8 . 6 45 53 Core Hits 216 | . 34 21 . 20 56 85 Critical Kills 2 | . . . . . . 2 Critical Parts Destroyed . | . . . . . . . Critical Strikes 3 | . 1 . . . . 2 Meltdown 2 | . . . . . . 2 Corrupt 1 | . 1 . . . . . Melee Attacks 10 | . . . . . 10 . Impact 8 | . . . . . 8 . Slashing . | . . . . . . . Piercing . | . . . . . . . Sneak Attacks . | . . . . . . . Combat Hostiles . | . . . . . . . Follow-up Attacks . | . . . . . . . Damage Inflicted 9309 | . 1373 784 . 567 3092 3493 Guns 574 | . 422 . . . 152 . Cannons 1514 | . 465 105 . . 295 649 Explosions 6753 | . 460 668 . 550 2315 2760 Melee 330 | . . . . . 330 . Ramming 138 | . 26 11 . 17 . 84 Kinetic 778 | . 653 105 . . 20 . Thermal 1319 | . 156 . . . 321 842 Explosive 5123 | . 304 668 . 550 2269 1332 Electromagnetic 1621 | . 234 . . . 152 1235 Impact 330 | . . . . . 330 . Slashing . | . . . . . . . Piercing . | . . . . . . . Highest Corruption 1 | . . . . . . 1 Average Corruption 1 | . . . . . . 1 Corruption Purged . | . . . . . . . Corruption Blocked . | . . . . . . . Effects 7 | . . . . . . 7 Message Errors 2 | . . . . . . 2 Matter Fused 3 | . . . . . . 3 Energy Discharges 2 | . . . . . . 2 Overload Shots . | . . . . . . . Overflow Damage 290 | . 21 16 . 2 135 116 Projectiles 22 | . . . . . . 22 Explosions 204 | . 21 16 . 2 71 94 Melee 64 | . . . . . 64 . Knockbacks 4 | . 3 . . . . 1 Impact 1 | . . . . . . 1 Kinetic 3 | . 3 . . . . . Secondary . | . . . . . . . Self-Inflicted Damage 539 | . 7 46 . 48 105 333 Shots 21 | . 1 3 . 1 3 13 Rammed 22 | . 8 4 . 5 . 5 Targets Rammed 25 | . 9 5 . 5 . 6 Kicked . | . . . . . . . Crushed 3 | . 1 1 . . . 1 Highest Temperature 411 | . 33 . . 9 411 330 Average Temperature 101 | . 10 . . 5 155 102 Received Heat Transfer 1452 | . 225 . . . 288 939 Effects 3 | . . . . . 1 2 Energy Bleed 1 | . . . . . . 1 Short Circuit 2 | . . . . . 1 1 Siege Activations . | . . . . . . . Martial Activations . | . . . . . . . Shielding Activations . | . . . . . . . Robots Disrupted . | . . . . . . . Combat Hostiles . | . . . . . . . Robots Corrupted 2 | . . . . . 1 1 Combat Hostiles 2 | . . . . . 1 1 Parts Fried 3 | . . . . . 1 2 Impact Corruptions 4 | . . . . . 4 . Robots Melted 2 | . . . . . . 2 Combat Hostiles 2 | . . . . . . 2 Parts Melted 7 | . . . . . 2 5 Heat Transferred 1832 | . 200 . . . 457 1175 Parts Sabotaged . | . . . . . . . Parts Stolen . | . . . . . . . Parts Stripped . | . . . . . . . Power Chain Reactions 9 | . 3 . . . . 6 Alert | -11 -10 -10 -10 -9 -8 -7 ------- Run | Yrd Mat Min Exi Min Mat Fac Maximum Alert Level 3 | . . 2 . . 2 3 Low Security (%) 54 | 100 100 2 . 100 26 . Level 1 25 | . . 96 . . 55 19 Level 2 9 | . . . . . 17 32 Level 3 10 | . . . . . . 46 Level 4 . | . . . . . . . Level 5 . | . . . . . . . High Security . | . . . . . . . Max Security . | . . . . . . . Peak Influence 990 | . 168 404 . 169 529 990 Initial 218 | . . 55 . . . 218 Average 248 | . 70 283 . 44 277 638 Influence Increases 3678 | . 610 553 . 294 911 1310 Destroy 0b10 Robot/C 1800 | . 300 400 . 180 400 520 Destroy 0b10 Robot/NC 230 | . 45 5 . . 65 115 Destroy Leader 452 | . 98 70 . 20 114 150 Allied During Kill 57 | . . . . 29 28 . Successful Hack 66 | . 17 . . . . 49 Disable Machine 375 | . 60 15 . 15 60 225 Destroy Structure 638 | . 60 63 . 50 229 236 Partial Spotted 15 | . 15 . . . . . Lose Combat Pursuer 45 | . 15 . . . 15 15 Influence Decreases 2804 | . 468 497 198 294 430 917 Entered New Map 548 | . . 87 198 . . 263 Time Decay 2036 | . 458 410 . 294 340 534 Lost Part 180 | . 10 . . . 50 120 Lost Ally 40 | . . . . . 40 . Squads Dispatched 30 | . 6 . . . 7 17 Investigation 10 | . 4 . . . 1 5 Extermination 2 | . . . . . . 2 Reinforcement 14 | . 2 . . . 6 6 Assault 1 | . . . . . . 1 Garrison 3 | . . . . . . 3 Intercept . | . . . . . . . Searches Triggered . | . . . . . . . Construction Impeded 6 | . . . . . 3 3 Haulers Reinforced 1 | . . . . . . 1 Active Scanning Responses . | . . . . . . . Cargo Convoy Interrupts . | . . . . . . . Stealth | -11 -10 -10 -10 -9 -8 -7 --------- Run | Yrd Mat Min Exi Min Mat Fac Distress Signals 8 | . 1 . . . 5 2 Communications Jammed . | . . . . . . . Distress Signals . | . . . . . . . Times Spotted 96 | . 25 17 . 9 20 25 Peak Tracking Total 5 | . 3 3 . 4 5 3 Tactical Retreats 3 | . 1 . . . 1 1 Traps | -11 -10 -10 -10 -9 -8 -7 ------- Run | Yrd Mat Min Exi Min Mat Fac Traps Triggered 4 | . . . . . 1 3 Indirectly 1 | . . . . . . 1 Trap Hack Attempts . | . . . . . . . Triggered . | . . . . . . . Disarmed . | . . . . . . . Reprogrammed . | . . . . . . . Reused . | . . . . . . . Traps Extracted . | . . . . . . . Installed . | . . . . . . . Triggered . | . . . . . . . Machines | -11 -10 -10 -10 -9 -8 -7 ---------- Run | Yrd Mat Min Exi Min Mat Fac Machines Disabled 27 | . 4 1 . 3 4 15 Max in Single Turn 6 | . 1 1 . 1 2 6 Machines Repaired . | . . . . . . . Machines Dismantled . | . . . . . . . Machines Sabotaged . | . . . . . . . Overloaded Fab Kills . | . . . . . . . Hacking | -11 -10 -10 -10 -9 -8 -7 --------- Run | Yrd Mat Min Exi Min Mat Fac Machines Accessed 21 | . 7 . 4 . 2 8 Terminals 10 | . 5 . . . 2 3 Fabricators . | . . . . . . . Repair Stations 3 | . 1 . . . . 2 Recycling Units 3 | . 1 . . . . 2 Scanalyzers 1 | . . . . . . 1 Garrison Access . | . . . . . . . Total Hacks 57 | . 19 . 10 . 7 21 Successful 37 | . 11 . 10 . 3 13 Failed 20 | . 8 . . . 4 8 Catastrophic 5 | . 3 . . . 2 . Database Lockouts . | . . . . . . . Manual 23 | . 11 . 1 . 7 4 Terminals 24 | . 13 . . . 7 4 Fabricators . | . . . . . . . Repair Stations 12 | . 3 . . . . 9 Recycling Units 8 | . 3 . . . . 5 Scanalyzers 3 | . . . . . . 3 Garrison Access . | . . . . . . . Terminal Hacks 22 | . 6 . 10 . 3 3 Record 14 | . 1 . 9 . 3 1 Prototype ID Bank 1 | . . . . . . 1 Open DSF 1 | . . . . . . 1 Branch Access Points 1 | . 1 . . . . . Terminal Index 1 | . 1 . . . . . Recall Investigation 1 | . 1 . . . . . Hauler Manifests 1 | . 1 . . . . . Zone Layout 1 | . 1 . . . . . Proto ID Catalog 1 | . . . 1 . . . Fabricator Hacks . | . . . . . . . Repair Station Hacks 9 | . 3 . . . . 6 Scan Component 5 | . 2 . . . . 3 Repair 4 | . 1 . . . . 3 Recycling Unit Hacks 5 | . 2 . . . . 3 Process 2 | . 1 . . . . 1 Report Inventory 3 | . 1 . . . . 2 Scanalyzer 1 | . . . . . . 1 Insert Component 1 | . . . . . . 1 Garrison Access Hacks . | . . . . . . . Unauthorized Hacks . | . . . . . . . Terminals . | . . . . . . . Fabricators . | . . . . . . . Repair Stations . | . . . . . . . Recycling Units . | . . . . . . . Scanalyzers . | . . . . . . . Garrison Access . | . . . . . . . Data Cores Recovered 1 | . 1 . . . . . Used . | . . . . . . . Hacking Detections 13 | . 6 . . . 2 5 Full Trace Events 9 | . 4 . . . 2 3 Feedback Events . | . . . . . . . Feedback Blocked . | . . . . . . . Robot Schematics Acquired . | . . . . . . . Robots Built . | . . . . . . . Authchips . | . . . . . . . Time . | . . . . . . . Total Robot Build Rating . | . . . . . . . Part Schematics Acquired . | . . . . . . . Parts Built . | . . . . . . . Authchips . | . . . . . . . Time . | . . . . . . . Total Part Build Rating . | . . . . . . . Parts Repaired 4 | . 1 . . . . 3 Time 164 | . 26 . . . . 138 Parts Recycled . | . . . . . . . Recycled Matter 409 | . 250 . . . . 159 Retrieved Matter . | . . . . . . . Retrieved Components . | . . . . . . . Parts Scanalyzed 1 | . . . . . . 1 Part Schematics Acquired . | . . . . . . . Parts Damaged 1 | . . . . . . 1 Bothacking | -11 -10 -10 -10 -9 -8 -7 ------------ Run | Yrd Mat Min Exi Min Mat Fac Used RIF Installer . | . . . . . . . Robots Hacked 1 | . . . . . 1 . Non-combat . | . . . . . . . Combat 1 | . . . . . 1 . Robot Hacks Applied 1 | . . . . . 1 . parse_system 1 | . . . . . 1 . Relay Couplers Released . | . . . . . . . Fabnet Peak Effective % . | . . . . . . . Robots Rewired . | . . . . . . . Allies Hacked . | . . . . . . . Hacks Repelled . | . . . . . . . Allies | -11 -10 -10 -10 -9 -8 -7 -------- Run | Yrd Mat Min Exi Min Mat Fac Total Allies 3 | . . 3 . . . . Largest Group 3 | . . 3 3 3 2 . Highest-Rated Group 40 | . . 40 40 40 24 . Highest-Rated Ally 16 | . . 16 16 16 16 . Total Orders 1 | . . 1 . . . . FOLLOW 1 | . . 1 . . . . Ally Attacks 27 | . . . . 13 14 . Total Damage 237 | . . . . 131 106 . Kills 3 | . . . . 1 2 . Allies Corrupted . | . . . . . . . Allies Melted . | . . . . . . . Intel | -11 -10 -10 -10 -9 -8 -7 ------- Run | Yrd Mat Min Exi Min Mat Fac Active Infowar (turns) 1240 | . . . . . 419 821 Sensors 821 | . . . . . . 821 Terrain 419 | . . . . . 419 . Robot Analysis Total . | . . . . . . . Derelict Logs Recovered 2 | . . 1 . 1 . . Drone Launches . | . . . . . . . Drone Recoveries . | . . . . . . . Exploration | -11 -10 -10 -10 -9 -8 -7 ------------- Run | Yrd Mat Min Exi Min Mat Fac Turns Passed 7923 | 116 2311 990 1174 1031 790 1511 Spaces Moved 5086 | 62 1210 574 620 571 780 1269 Core 6 | 4 . . . . . 2 Treads 3292 | 58 1210 574 620 571 . 259 Legs . | . . . . . . . Wheels . | . . . . . . . Hover . | . . . . . . . Flight 1788 | . . . . . 780 1008 Fastest Speed 50 | 50 160 160 160 160 50 50 Average Speed 125 | 152 160 160 189 160 50 74 Slowest Speed 800 | 160 320 160 320 160 50 800 Overloaded Moves . | . . . . . . . Propulsion Burnouts . | . . . . . . . Robots Hopped 10 | . . . . . 7 3 Potential Cave-ins 4 | . . . . . 4 . Cave-ins Triggered . | . . . . . . . Exploration Rate (%) 62 | 4 92 81 93 97 45 24 Regions Visited 6 Branch Regions 3 Pre-discovered Areas 2 | . . . . 2 . . Known Exits Taken 1 | . 1 . . . . . Unknown Exits Taken 5 | 1 . 1 1 1 1 . Scrap Searched 5 | . . 1 . 4 . . Spaces Dug 38 | . 7 . . . 12 19 Terrain Destroyed 725 | . 56 75 . 57 264 273 Melee . | . . . . . . . Projectile . | . . . . . . . AOE 725 | . 56 75 . 57 264 273 Terrain Rammed . | . . . . . . . Walls Destroyed . | . . . . . . . Machines Disabled . | . . . . . . . Actions | -11 -10 -10 -10 -9 -8 -7 --------- Run | Yrd Mat Min Exi Min Mat Fac Total 6278 | 80 1461 615 621 669 1103 1729 Wait 788 | 10 113 9 . 67 219 370 Move 5060 | 61 1209 573 619 570 765 1263 Hop 10 | . . . . . 7 3 Pick Up 59 | 3 20 3 1 3 19 10 Fast Attach 28 | 6 6 2 . 2 6 6 Attach 19 | . 4 . . . 6 9 Detach 7 | . 1 . . . 3 3 Swap 16 | . 5 1 1 4 4 1 Drop 46 | . 15 5 . 9 9 8 Fire 210 | . 79 17 . 9 55 50 Melee 10 | . . . . . 10 . Ram . | . . . . . . . Kick . | . . . . . . . Crush 25 | . 9 5 . 5 . 6 Escape Stasis . | . . . . . . . Rewire . | . . . . . . . Trap . | . . . . . . . Miscellaneous . | . . . . . . . Route ------- -11/Scrapyard -10/Materials (discovered 4 exits: [*Mat x3] / *Min) -10/Mines (discovered 2 exits: *Exi / [*Sub]) -10/Exiles (discovered 2 exits: [*Min x2]) -9/Mines (discovered 2 exits: *Mat x2) -8/Materials (discovered 4 exits: *Fac x2 / [*Sto x2]) -7/Factory History --------- Turn | Location | Event 16 | -11/Scrapyard | Discovered new exit (range 15) 117 | -11/Scrapyard | Entered Materials 317 | -10/Materials | Build established: Mutant 463 | -10/Materials | Discovered new exit (range 15) 532 | -10/Materials | Identified exit to Mines 1134 | -10/Materials | Discovered new exit (range 15) 1961 | -10/Materials | Discovered new exit (range 11) 2289 | -10/Materials | Repaired Lgt. Cannon 2428 | -10/Materials | Entered Mines 2481 | -10/Mines | Destroyed 9 combat bots 2608 | -10/Mines | Discovered new exit (range 11) 3018 | -10/Mines | Received a Rocket Launcher from a helpful Derelict 3087 | -10/Mines | Deemed a non-threat by the Exiles lab entrance 3089 | -10/Mines | Discovered new exit (range 5) 3242 | -10/Mines | Learned Materials garrison access intel 3254 | -10/Mines | Assisted by bots powering up and referring to "LRC-V3" 3418 | -10/Mines | Entered Exiles 3418 | -10/Exiles | Accompanied by 3 allies 3444 | -10/Exiles | Discovered new exit (range 15) 3497 | -10/Exiles | Met 8R-AWN 3532 | -10/Exiles | Met EX-HEX 3607 | -10/Exiles | Met EX-DEC 3709 | -10/Exiles | Visited The Gauntlet 3946 | -10/Exiles | Discovered new exit (range 14) 4076 | -10/Exiles | Met EX-BIN 4116 | -10/Exiles | Aligned with FarCom system 4118 | -10/Exiles | Given EX-Vault access code 4172 | -10/Exiles | Opened EX-Vault 4230 | -10/Exiles | Found Flying Fortress v7 4352 | -10/Exiles | Warned to stay clear of 0b10 Research branches 4592 | -10/Exiles | Left Exiles lab with Flying Fortress v7 4592 | -10/Exiles | Entered Mines 4592 | -9/Mines | Accompanied by 3 allies 4593 | -9/Mines | Learned location of Storage (-8) 4668 | -9/Mines | Discovered new exit (range 12) 4744 | -9/Mines | Core integrity fell below 50% 5030 | -9/Mines | Found a damaged Exp. Sensor Array with a note attached 5035 | -9/Mines | Found Prototype Device 5585 | -9/Mines | Learned location of Zion (-7) 5615 | -9/Mines | Discovered new exit (range 6) 5623 | -9/Mines | Entered Materials 5623 | -8/Materials | Accompanied by 2 allies 5623 | -8/Materials | Evolved 4 slots: Propulsion x2, Utility x2 5624 | -8/Materials | Loaded intel: 1 garrison access location 5658 | -8/Materials | Discovered new exit (range 15) 5922 | -8/Materials | Build established: Scout 6087 | -8/Materials | Met 7R-MNS 6119 | -8/Materials | Discovered new exit (range 16) 6184 | -8/Materials | Discovered new exit (range 16) 6307 | -8/Materials | Destroyed 7 combat bots 6341 | -8/Materials | Discovered new exit (range 15) 6376 | -8/Materials | Build established: Mutant 6413 | -8/Materials | Entered Factory 6413 | -7/Factory | Evolved 2 slots: Utility x1, Weapon x1 6414 | -7/Factory | Caught up to 7R-MNS 6531 | -7/Factory | Repaired Hvy. Particle Cannon 6564 | -7/Factory | Repaired Rocket Launcher 6566 | -7/Factory | Garrison activated, responded to threat 6620 | -7/Factory | Identified Exp. Sensor Array 6813 | -7/Factory | First assault squad dispatched 6869 | -7/Factory | Build established: Skirmisher 7035 | -7/Factory | Repaired Broken Exp. Sensor Array 7498 | -7/Factory | Build established: Scavenger-Skirmisher 7867 | -7/Factory | Core integrity fell below 50% 7887 | -7/Factory | Lost 8 parts (3n2u3w) 7899 | -7/Factory | Core integrity fell below 20% 7924 | -7/Factory | Destroyed by G-47 Trooper with Particle Gun Last Messages --------------- Aluminum Leg. 07814_ Critical hit (Burn: +37). 07815_ System corrupted: Matter fused (-5). 07816_ Lgt. Treads destroyed. 07842_ Core Analyzer destroyed. 07854_ Critical hit (Burn: +37). 07856_ Exp. Sensor Array destroyed. 07862_ System corrupted: Matter fused (-6). 07871_ R-06 Scavenger collects Welding Torch. 07875_ R-06 Scavenger collects Corrupted Sml. Storage Unit. 07880_ R-06 Scavenger collects Corrupted Wheel. 07888_ R-06 Scavenger collects Wheel. 07891_ R-06 Scavenger collects Corrupted Lgt. Ion Engine. 07895_ R-06 Scavenger collects Corrupted Aluminum Leg. 07896_ R-06 Scavenger collects Structural Scanner. Map ----- +----------------------------------------------------+ | ?????????????????????????????????????????????????? | | ?????????????????????????????????????????????????? | | ?????????????????????????????????????????????????? | | ?????????????????????????????????????????????????? | | ?????????????????????????????????????????????????? | | ?????????????????????????????????????????????????? | | ?????????????????????????????????????????????????? | | ?????????????????????????????????????????????????? | | ?????????????????????????????????????????????????? | | ?????????????????????????????????????????????????? | | ?????????????????????????????????????????????????? | | ?????????????????????????????????????????????????? | | ???????????# ????????????????????????????????????? | | ???????????# ???????????????????????????????????? | | ???????????# ???????########???????????????????? | | ???????????# ??????# #??? ???????????????? | | ???????????# ###### #? ? ?????????????? | | ????????#### # #? ??????????????? | | ???????+ + # ??????????????? | | ???????????# # # """ ? ??????????? | | ???????????# ###### # """ ??????????? | | ???????????###+??????## # """ ???????????? | | ?????????????????????## # ????????????? | | ?????????????????????## # """ ?????????????? | | ??????????????????????# %k # "????????????????? | | ??????????????????????# @% #???????????????????? | | ??????????????????????#% g %#???????????????????? | | ?#???????????????????## #???????????????????? | | ? ???????????????????## % #???????????????????? | | ? ????????????????????####+###???????????????????? | | ? ??????????????????????# !# ????????????????????? | | ? ??????????????????????##=###???????????????????? | | ? ??????????????????????#![###????????????######## | | # ??????????????????????# # #????????????# = # | | # #?????????????????????## # #????????????# # | | # #????????????????####### ###???#####????#! # | | # #????????????????# # ?????# "Y" # | | # #????????????????# % # """ """????#* """ # | | # #?????????? " + """ "??????# # | | # #????????# ######## # """ "??????###+#### | | # #????????? ?????????# # ??????# #?? | | # #????????????########## ##########?????# #?? | | # #????????????# # # #?????# #?? | | # #????????????# """ # # #?????## ##?? | | # #????????????# """ # # #??????# #??? | | # #????????????# """ # # #??????# #??? | | # #????????????# # # !!! #??????# #??? | | # #????????????# """ # # !!! #??????# #??? | | # #????????????# """ + + !!! #????### #### | | # #????????????# """ # # ###### # # | +----------------------------------------------------+ Best States ------------- Heat Dissipation 45 Energy Generation 16 Energy Capacity 290 Matter Stores 300 Matter Capacity 300 Sight Range 16 Robot Scan Range 20 Terrain Scan Range 14 Terrain Scan Density 210 Additional Mass Support 9 Core Shielding 20 Evasion (%) 60 Targeting Accuracy 8 Core Analysis 6 Recoil Reduction 3 Offensive Hacking 10 Item Schematics ----------------- None Robot Schematics ------------------ None Fabricated ------------ Nothing Repaired ---------- Lgt. Cannon | 39% | -10/Materials Hvy. Particle Cannon | 3% | -7/Factory Rocket Launcher | 1% | -7/Factory Exp. Sensor Array | 62% | -7/Factory | Broken Alien Tech Used ----------------- None Achievements -------------- GoHome() Significant Disruption Challenges ------------ None Game ------ Seed PortableAlertMaul Manual? 0 Play Time 01:37:32 Cumulative 10.9 hours Start 2025.09.12 @ 00:36:58 End 2025.09.12 @ 02:15:51 Sessions 1 Manual Loads 0 Difficulty Rogue Special Mode None Game No. 17 Rogue 17 Adventurer 0 Explorer 0 Win Type - Total 0 Types 0/0/0/0/0/0/0/0/0/0 Lore% 8 Gallery% 8 Achievement% 15 Wizard Run 0 Options --------- Layout 1 ASCII 0 Keyboard 1 Movement Numpad Keybinds 0 Fullscreen 1 Font 24/Smallcaps Map View 50x35 Zoom Use 0% Tactical HUD 1 Map Filters NONE Filters NONE Steam 1 RUN: d1f9e930-8f95-40a9-a0db-a80360b62449